 Dungeon Crawl Stone Soup version 0.18-a0-5-gf1fb587 (webtiles) character file.

438195 Raultor the Hoplite (level 24, -8/249 HPs)
             Began as a Gargoyle Fighter on Oct 31, 2015.
             Was a High Priest of Qazlal.
             Killed by divine providence
             ... invoked by a deep elf high priest
              (9 damage)
             ... on level 5 of the Vaults.
             The game lasted 04:27:34 (48615 turns).

Raultor the Hoplite (Gargoyle Fighter)             Turns: 48615, Time: 04:27:35

Health: -8/249     AC: 60    Str: 33    XL:     24   Next: 5%
Magic:  4/32       EV:  6    Int: 16    God:    Qazlal [*****.]
Gold:   2691       SH: 35    Dex: 13    Spells: 4 memorised, 9 levels left

rFire  . . .     SeeInvis +     X - +4 demon whip (elec)
rCold  . . .     Rnd*Rage +     S - +2 crystal plate armour
rNeg   + . .     SustAt   .     W - +2 large shield {AC+3}
rPois  ∞         Gourm    +     K - +1 hat
rElec  +         Spirit   .     z - +2 cloak "Mexoblo" {Str+3}
rCorr  .         Warding  .     r - +2 pair of gloves
rMut   .         Stasis   .     Y - +0 pair of boots
MR     ++...                    B - amulet of the gourmand
Stlth  ..........               L - ring of see invisible
                                I - ring of protection from magic

@: berserking (expiring), protected from physical damage, flying, repel
missiles, drained, very quick, very resistant to hostile enchantments, extremely
unstealthy
A: big wings, horns 1, icy blue scales 1, agile 1, berserk 1, clever 1, negative
energy resistance 1, electricity resistance, unbreathing, petrification
resistance, rot immunity, AC +17
a: Stop Flying, Upheaval, Elemental Force, Disaster Area, Renounce Religion
}: 2/15 runes: serpentine, barnacled


You were on level 5 of the Vaults.
You worshipped Qazlal.
Qazlal was extremely pleased with you.
You were completely stuffed.

You visited 8 branches of the dungeon, and saw 44 of its levels.
You also visited: Sewer and Ice Cave.

You collected 5080 gold pieces.
You spent 2389 gold pieces at shops.

Inventory:

Hand Weapons
 c - a +1 flail of holy wrath
 X - a +4 demon whip of electrocution (weapon)
Missiles
 H - 31 silver javelins (quivered)
 V - 12 javelins of penetration
Armour
 r - a +2 pair of gloves (worn)
 z - the +2 cloak "Mexoblo" (worn) {Str+3}
   (You acquired it on level 2 of the Elven Halls)

   It affects your strength (+3).
 F - the +2 scale mail "Xejiut" {rF+++ Str-4 Slay+3}
   (You took it off a deep elf master archer on level 3 of the Elven Halls)

   It affects your strength (-4).
   It affects your accuracy and damage with ranged weapons and melee attacks
   (+3).
   It renders you almost immune to fire.
 K - a +1 hat (worn)
 S - a +2 crystal plate armour (worn)
 W - a +2 large shield of protection (worn)
 Y - a +0 pair of boots (worn)
Jewellery
 A - an uncursed ring of sustain attributes
 B - an amulet of the gourmand (around neck)
 G - the ring "Daicoahu" {rF+ Str+4 Int+2}
   (You found it on level 8 of the Lair of Beasts)

   [ring of protection from fire]

   It affects your strength (+4).
   It affects your intelligence (+2).
   It protects you from fire.
 I - a ring of protection from magic (left hand)
 L - a ring of see invisible (right hand)
Wands
 a - a wand of invisibility (3)
 U - a wand of digging (13)
Scrolls
 i - 2 scrolls of enchant weapon
 j - 8 scrolls of enchant armour
 l - a scroll of acquirement
 p - 5 scrolls of blinking
 q - a scroll of brand weapon
 s - 11 scrolls of teleportation
 t - 14 scrolls of remove curse
 y - 6 scrolls of identify
 D - 4 scrolls of recharging
 E - 2 scrolls of magic mapping
 M - 3 scrolls of amnesia
 P - a scroll of silence
Potions
 d - 5 potions of might
 g - 22 potions of curing
 n - a potion of heal wounds
 o - a potion of berserk rage
 u - 2 potions of cancellation
 C - 8 potions of haste
 J - a potion of invisibility
 O - a potion of agility
 Q - 2 potions of cure mutation
Books
 m - a book of the Warp

   Spells                             Type                      Level
   a - Recall                         Summoning/Translocation      3
   b - Gell's Gravitas                Hexes/Translocation          3
   c - Force Lance                    Conjuration/Translocation    4
   d - Phase Shift                    Translocation                5
   e - Warp Weapon                    Charms/Translocation         5
   f - Summon Forest                  Summoning/Translocation      5
 w - a book of Spatial Translocations

   Spells                             Type                      Level
   a - Apportation                    Translocation                1
   b - Blink                          Translocation                2
   c - Shroud of Golubria             Charms/Translocation         2
   d - Portal Projectile              Translocation                3
   e - Teleport Other                 Translocation                3
   f - Passage of Golubria            Translocation                4
 T - a book of Necromancy

   Spells                             Type                      Level
   a - Pain                           Necromancy                   1
   b - Animate Skeleton               Necromancy                   1
   c - Vampiric Draining              Necromancy                   3
   d - Regeneration                   Charms/Necromancy            3
   e - Animate Dead                   Necromancy                   4
   f - Control Undead                 Necromancy                   4
Comestibles
 e - 28 bread rations
 f - 39 fruits
 k - 15 meat rations
 v - 7 slices of pizza
 N - 9 beef jerkies
 Z - 4 royal jellies


   Skills:
 * Level 21.1(20.3) Fighting
 - Level 20.0(19.2) Maces & Flails
 + Level 1.5(1.1) Throwing
 + Level 16.7(16.0) Armour
 - Level 0.2(0.0) Dodging
 + Level 21.4(20.6) Shields
 + Level 6.7(6.1) Translocations
 + Level 12.7(12.1) Invocations


You had 9 spell levels left.
You knew the following spells:

 Your Spells              Type           Power        Failure   Level  Hunger
a - Regeneration          Chrm/Necr      #.........   100%        3    ####...
b - Control Undead        Necr           #.........   100%        4    #####..
c - Blink                 Tloc           N/A          69%         2    ###....
d - Phase Shift           Tloc           ###.......   100%        5    ######.


Dungeon Overview and Level Annotations

Branches:
Dungeon (15/15)            Temple (1/1) D:4            Lair (8/8) D:8
 Shoals (4/4) Lair:4        Snake (4/4) Lair:6        Slime (0/6) Lair:7
    Orc (4/4) D:9             Elf (3/3) Orc:3        Vaults (5/5) D:13
  Crypt (0/3) Vaults:3     Depths (0/5) D:15

Altars:
Dithmenos
Elyvilon
Kikubaaqudgha
Nemelex Xobeh
Qazlal
Ru
Sif Muna
Trog
Vehumet
Yredelemnul
Zin
The Shining One
Jiyva

Shops:
D:11 (   Orc:3 %   Orc:4 ==[[   Elf:2 :[(*   Shoals:3 *   Vaults:1 (

Portals:
Trove: Vaults:3 (give wand of heal wounds (9))


Innate Abilities, Weirdness & Mutations

You are resistant to torment.
Your stone body is resilient (AC +17).
You are immune to poison.
Your large and strong wings let you fly indefinitely.
You resist negative energy.
You are resistant to electric shocks.
You can survive without breathing.
You are immune to petrification.
You are immune to rotting.
You have a pair of small horns on your head.
You are partially covered in icy blue scales (AC +1).
You are agile. (Dex +2)
You tend to lose your temper in combat.
Your mind is acute. (Int +2)


Message History

The shadow dragon breathes negative energy at you.
The bolt of negative energy hits the ancient lich.
The ancient lich completely resists.
The bolt of negative energy hits you! You partially resist.
You feel drained.
* * * LOW HITPOINT WARNING * * *
The bolt of negative energy hits the large abomination.
The large abomination completely resists.
The ghostly vault warden hits you but does no damage.
The large abomination is engulfed in freezing vapours.
The vault sentinel blows a loud note on a signal horn!
You hear a roar!
You completely miss the ancient lich.
The ancient lich is severely damaged.
The manticore changes into a glowing shapeshifter!
The cacodemon hits you but does no damage.
The cacodemon hits you.
* * * LOW HITPOINT WARNING * * *
The deep elf high priest mumbles some strange prayers to its god against you.
Something smites you!
You die... #....######. # #...Z#.....# #. #....#.....# ..e#e.D.#.... .!CpeeC44... ##WeX4xCeo##### ..4CeDpDCX..O.. .3t4eDL@XcO.p.o

..221QL2XXX[.oo
...4*9QCQ*p....
##..XpXCcC#####
....e3*x.XC
.$.#...W#Xc.
..##....#§...
#. #....#.....


You could see a shadow dragon, 2 tentacled monstrosities, an iron dragon, an
ironheart preserver, 2 titans, 2 ancient liches, a storm dragon, a Shadow Fiend,
a cacodemon, 5 fire giants, a quicksilver dragon, a stone giant, a vault warden,
a ghostly vault warden, 2 tengu reavers, a ghostly tengu reaver, a hell beast, 3
yaktaur captains, an orc knight, a deep elf death mage, an ettin, an ice devil,
an ogre mage, a glowing shapeshifter, a sun demon, 3 deep elf demonologists, a
fire crab, a war gargoyle, a vault sentinel, a deep elf knight (invisible), 4
deep elf high priests, 8 large abominations, a phantasmal warrior, 2 hellwings,
a freezing wraith, a sixfirhy, a tormentor, a two-headed ogre, 3 red devils, 2
orc warriors, 2 small abominations, an orc (frenzied) and a golden dragon
zombie.

Vanquished Creatures
  Saint Roka (Orc:4)
  A golden dragon (Vaults:5)
  Xtahua (Vaults:5)
  Jorgrun (Shoals:3)
  Rupert (Orc:4)
  A titan (Vaults:5)
  2 deep elf blademasters (Elf:3)
  2 deep elf master archers (Elf:3)
  A sphinx (Vaults:1)
  Polyphemus (Shoals:2)
  Gastronok (Orc:1)
  Kirke (Lair:7)
  2 tengu reavers (Vaults:5)
  Ilsuiw (Shoals:3)
  The ghost of 4thArraOfDagon the Brawler, a journeyman TrMo of Ashenzari (D:12)
  Donald (Orc:3)
  A frost giant (D:15)
  A fire giant (Vaults:5)
  Maud (Orc:3)
  8 vault wardens
  12 greater nagas
  The ghost of xeno23 the Fencer, a journeyman DDNe of Makhleb (D:12)
  The ghost of xeno23 the Fencer, a journeyman DDNe of Makhleb (D:12)
  The ghost of xeno23 the Fencer, a journeyman DDNe of Makhleb (D:12)
  Louise (D:14)
  6 deep elf sorcerers
  The ghost of Alipheese the Brawler, a journeyman NaFi of Okawaru (Lair:8)
  2 orc warlords
  17 ironheart preservers
  4 stone giants
  2 very ugly things
  The ghost of comborobin the Grappler, a journeyman TrGl of Cheibriados (D:12)
  The ghost of comborobin the Grappler, a journeyman TrGl of Cheibriados (D:12)
  The ghost of comborobin the Grappler, a journeyman TrGl of Cheibriados (D:12)
  13 deep elf annihilators
  The ghost of Duffy the Archer, a journeyman NaEn of Cheibriados (D:12)
  The ghost of Duffy the Archer, a journeyman NaEn of Cheibriados (D:12)
  The ghost of Duffy the Archer, a journeyman NaEn of Cheibriados (D:12)
  A salamander stormcaller (D:15)
  A dire elephant (Lair:8)
  9 deep elf demonologists
  33 vault guards
  7 merfolk javelineers
  4 ettins
  Snorg (Lair:6)
  11 ogre magi
  A fire dragon (Vaults:3)
  The ghost of 4thArraOfDagon the Impaler, a journeyman MfGl of Cheibriados (D:13)
  13 merfolk impalers
  A crystal guardian (Vaults:2)
  A deep elf high priest (Elf:3)
  A blizzard demon (Vaults:1)
  6 deep elf death magi
  7 yaktaur captains
  Fannar (Orc:1)
  21 naga warriors
  The ghost of tp1 the Arsonist, a journeyman DEFE of Vehumet (D:12)
  An ice dragon (Vaults:1)
  A great orb of eyes (Vaults:2)
  2 merfolk avatars
  Erica (D:11)
  14 hydras
  2 alligator snapping turtles (Shoals:2)
  13 anacondas
  5 merfolk aquamancers
  3 catoblepae
  A rakshasa (Vaults:2)
  12 centaur warriors
  2 deep troll shamans
  3 satyrs
  15 dancing weapons (Elf:2)
  2 tengu warriors (D:14)
  8 shock serpents
  11 naga sharpshooters
  3 deep troll earth magi
  9 death yaks
  Urug (D:13)
  3 orc high priests (Orc:4)
  A wizard (Vaults:2)
  3 small abominations (Elf:3)
  A salamander mystic (Snake:2)
  16 deep elf knights
  3 ice devils (IceCv)
  3 shadow wraiths
  The ghost of cireshan the Thaumaturge, a novice DECj (D:9)
  2 fire crabs
  A giant orange brain (Vaults:2)
  9 deep elf summoners
  A death drake (shapeshifter) (Vaults:4)
  14 deep trolls
  A necromancer (Vaults:4)
  12 sea snakes
  4 hill giants
  15 ironbrand convokers
  5 unseen horrors
  9 naga ritualists
  A phantasmal warrior (Vaults:5)
  Pikel (D:8)
  7 mana vipers
  15 deep elf conjurers
  A hornet (Vaults:1)
  6 orc sorcerers
  19 ugly things
  11 orc knights
  7 harpies
  A hornet (shapeshifter) (D:15)
  3 wolf spiders
  12 water nymphs
  5 manticores
  5 cyclopes
  An oklob plant (Lair:5)
  10 salamanders
  8 fauns
  5 guardian serpents
  14 griffons
  11 sirens
  An octopode (shapeshifter) (D:13)
  33 elephants
  30 naga magi
  8 spiny frogs
  29 black mambas
  2 torpor snails
  A gargoyle (D:14)
  13 vault sentinels
  6 komodo dragons
  27 yaktaurs
  2 fire drakes
  2 wolf spider simulacra (IceCv)
  11 deep elf priests
  A komodo dragon (shapeshifter) (Vaults:5)
  A merfolk (shapeshifter) (Vaults:5)
  37 merfolk
  2 tengu conjurers (D:13)
  2 jumping spiders (shapeshifter) (Vaults:1)
  An anaconda simulacrum (IceCv)
  A wind drake (Shoals:4)
  15 two-headed ogres
  6 freezing wraiths
  4 blink frogs (Lair:4)
  5 trolls
  Grinder (D:4)
  2 wind drakes (shapeshifter)
  3 boulder beetles
  9 slime creatures
  A human (shapeshifter) (Vaults:2)
  A redback (shapeshifter) (Vaults:1)
  11 snapping turtles
  12 water elementals
  A wraith (D:14)
  2 shadows
  7 basilisks
  18 deep elf fighters
  3 human simulacra
  2 hippogriffs (shapeshifter)
  2 hogs (Lair:7)
  A human (Lair:7)
  10 hippogriffs
  A hungry ghost (D:7)
  23 deep elf magi
  A death yak simulacrum (IceCv)
  A steam dragon (D:14)
  60 yaks
  17 wolves
  3 mottled dragons
  33 nagas
  22 vampire mosquitoes
  3 human zombies (Vaults:4)
  3 iron troll simulacra (IceCv)
  5 wargs
  A harpy simulacrum (IceCv)
  A swamp drake (shapeshifter) (D:13)
  4 ice beasts
  3 slaves (D:8)
  49 orc warriors
  9 porcupines
  47 ogres
  11 water moccasins
  A black bear (shapeshifter) (Vaults:2)
  2 eyes of draining
  A phantom (D:8)
  A boggart (shapeshifter) (Vaults:2)
  3 sky beasts
  5 black bears
  10 boggarts (Vaults:1)
  11 crocodiles
  3 wasps
  A necrophage (D:9)
  A brain worm (D:13)
  A big kobold (D:12)
  30 centaurs
  15 giant frogs
  5 scorpions
  23 killer bees
  An electric eel (Lair:2)
  5 wights (D:9)
  4 crimson imps
  The ghost of Nopony the Magician, a weakling DEWz (D:3)
  3 giant frog zombies
  3 draconian simulacra (IceCv)
  4 giant frog skeletons
  10 iguanas
  23 orc priests
  4 centaur skeletons
  3 centaur zombies
  A gnoll shaman (D:7)
  2 jellies
  11 hounds
  2 quasits
  12 worker ants
  Natasha (twice) (D:3)
  45 orc wizards
  3 troll simulacra (IceCv)
  A killer bee zombie (D:9)
  A sheep (shapeshifter) (Vaults:1)
  40 sheep
  2 centaur simulacra
  2 hound zombies
  A worker ant zombie (D:6)
  25 river rats
  25 adders
  4 gnolls (D:7)
  5 naga simulacra (IceCv)
  An ogre simulacrum (IceCv)
  6 shadow imps
  12 white imps
  5 ufetubi (IceCv)
  2 oozes
  2 worms
  3 adder skeletons
  186 orcs
  12 ball pythons
  6 bats
  5 giant cockroaches
  6 goblins
  8 hobgoblins
  11 jackals
  6 quokkas
  2 giant geckos
  A giant gecko skeleton (D:6)
  13 giant newts
  A jackal skeleton (D:4)
  11 kobolds
  A quokka zombie (D:6)
  31 rats
  4 bushes
  2 crawling corpses (Elf:2)
  65 fungi
  45 plants
2002 creatures vanquished.

Vanquished Creatures (others)
  An ironheart preserver (Vaults:5)
  Nessos (Orc:4)
  A stone giant (Orc:4)
  A naga warrior (Snake:4)
  5 naga sharpshooters
  3 deep elf knights
  A naga (Snake:4)
  A boggart (Vaults:1)
  2 orc priests (Orc:4)
  2 white imps
  4 orcs (Orc:1)
  A bush (Lair:8)
  18 fungi
  20 plants
61 creatures vanquished.

Grand Total: 2063 creatures vanquished

Notes
Turn   | Place    | Note
--------------------------------------------------------------
     0 | D:1      | Raultor the Gargoyle Fighter began the quest for the Orb.
     0 | D:1      | Reached XP level 1. HP: 14/14 MP: 1/1
   238 | D:1      | Reached XP level 2. HP: 14/19 MP: 2/2
   948 | D:2      | Found a sacrificial altar of Ru.
  1032 | D:2      | Reached skill level 4 in Armour
  1143 | D:2      | Reached XP level 3. HP: 23/23 MP: 3/3
  1320 | D:2      | Found a glowing silver altar of Zin.
  1915 | D:3      | Noticed Nopony's ghost (weakling DEWz)
  1966 | D:3      | Killed Nopony's ghost
  1966 | D:3      | Reached XP level 4. HP: 16/29 MP: 4/4
  2153 | D:3      | Noticed a scorpion
  2174 | D:3      | Killed a scorpion
  2174 | D:3      | Reached XP level 5. HP: 33/33 MP: 5/5
  2191 | D:3      | Found a faded altar to an unknown god.
  2390 | D:3      | Reached XP level 6. HP: 25/39 MP: 6/6
  2932 | D:3      | Noticed Natasha
  2950 | D:3      | Killed Natasha
  3014 | D:3      | Noticed Natasha
  3026 | D:3      | Killed Natasha
  3419 | D:4      | Reached skill level 5 in Armour
  3519 | D:4      | Noticed Grinder
  3530 | D:4      | Killed Grinder
  3530 | D:4      | Reached skill level 5 in Maces & Flails
  3530 | D:4      | Reached skill level 5 in Shields
  3530 | D:4      | Reached XP level 7. HP: 27/44 MP: 7/7
  3655 | D:4      | Found a staircase to the Ecumenical Temple.
  3725 | Temple   | Entered the Ecumenical Temple
  3749 | Temple   | Became a worshipper of Qazlal Stormbringer
  3932 | D:4      | HP: 1/44 [ogre/giant club (22)]
  4364 | D:5      | Entered Level 5 of the Dungeon
  4381 | D:5      | Reached XP level 8. HP: 25/48 MP: 8/8
  4396 | D:5      | Reached skill level 6 in Maces & Flails
  4584 | D:5      | Found a glowing drain.
  4600 | Sewer    | Entered a sewer
  4635 | Sewer    | Reached * piety under Qazlal
  4968 | Sewer    | Reached ** piety under Qazlal
  5430 | D:5      | Reached skill level 7 in Shields
  5880 | D:6      | Reached skill level 5 in Fighting
  5880 | D:6      | Reached XP level 9. HP: 52/54 MP: 9/9
  5948 | D:6      | Reached skill level 8 in Shields
  6171 | D:6      | Reached *** piety under Qazlal
  6323 | D:6      | Found a glowing golden altar of the Shining One.
  6332 | D:6      | Found a basalt altar of Yredelemnul.
  6366 | D:6      | Noticed an angel
  6598 | D:7      | Reached skill level 9 in Shields
  7450 | D:7      | Reached **** piety under Qazlal
  7702 | D:8      | Reached XP level 10. HP: 55/60 MP: 10/10
  7724 | D:8      | Noticed Pikel
  7748 | D:8      | Killed Pikel
  7748 | D:8      | Reached skill level 10 in Shields
  8216 | D:8      | Found a staircase to the Lair.
  8421 | D:9      | Noticed cireshan's ghost (novice DECj)
  8759 | D:9      | Killed cireshan's ghost
  8845 | D:9      | Reached skill level 11 in Shields
  9309 | D:9      | Found a staircase to the Orcish Mines.
  9491 | D:9      | Found a white marble altar of Elyvilon.
  9517 | D:9      | Identified a scroll of acquirement
  9525 | D:9      | Found a sparkling altar of Nemelex Xobeh.
  9566 | D:9      | Found a shadowy altar of Dithmenos.
  9774 | Lair:1   | Entered Level 1 of the Lair of Beasts
 10045 | Lair:1   | Reached XP level 11. HP: 53/67 MP: 11/11
 10377 | Lair:1   | Reached ***** piety under Qazlal
 10782 | Lair:2   | Reached skill level 12 in Shields
 10794 | Lair:2   | Reached skill level 10 in Maces & Flails
 10842 | Lair:2   | Reached XP level 12. HP: 47/75 MP: 12/12
 11127 | Lair:2   | Reached skill level 13 in Shields
 11835 | Lair:3   | Noticed a death yak
 11836 | Lair:3   | Noticed a death yak
 11850 | Lair:3   | Killed a death yak
 11857 | Lair:3   | Killed a death yak
 12359 | Lair:4   | Reached skill level 14 in Shields
 12418 | Lair:4   | Reached XP level 13. HP: 77/81 MP: 13/13
 12772 | Lair:4   | Reached skill level 10 in Fighting
 12809 | Lair:4   | Learned a level 3 spell: Regeneration
 12814 | Lair:4   | Learned a level 4 spell: Control Undead
 13056 | Lair:4   | Found a staircase to the Shoals.
 13114 | Lair:4   | Noticed a six-headed hydra
 13120 | Lair:4   | Killed a six-headed hydra
 13120 | Lair:4   | Reached skill level 10 in Armour
 13471 | Lair:5   | Reached ****** piety under Qazlal
 13907 | Lair:6   | Noticed Snorg
 13924 | Lair:6   | Killed Snorg
 14109 | Lair:6   | Found a staircase to the Snake Pit.
 14235 | Lair:6   | Reached skill level 15 in Shields
 14917 | Lair:6   | Reached skill level 1 in Invocations
 15410 | Lair:7   | Gained mutation: Your large and strong wings let you fly indefinitely. [Gargoyle growth]
 15410 | Lair:7   | Reached XP level 14. HP: 90/90 MP: 16/16
 15477 | Lair:7   | Noticed Kirke
 15491 | Lair:7   | Killed Kirke
 15491 | Lair:7   | Reached skill level 5 in Invocations
 15651 | Lair:7   | Gained mutation: You are partially covered in icy blue scales (AC +1). [potion of mutation]
 15651 | Lair:7   | Gained mutation: Your muscles are strong. (Str +2) [potion of mutation]
 15651 | Lair:7   | Gained mutation: Your mind is acute. (Int +2) [potion of mutation]
 15842 | Lair:7   | Found a viscous altar of Jiyva.
 15843 | Lair:7   | Found a staircase to the Slime Pits.
 16154 | Lair:8   | Entered Level 8 of the Lair of Beasts
 16167 | Lair:8   | Noticed Alipheese's ghost (journeyman NaFi)
 16831 | Lair:8   | Killed Alipheese's ghost
 17763 | Lair:8   | Got a sparkling iron ring
 17776 | Lair:8   | Identified the ring "Daicoahu" {rF+ Str+4 Int+2} (You found it on level 8 of the Lair of Beasts)
 18222 | Shoals:1 | Entered Level 1 of the Shoals
 18518 | Shoals:1 | Reached XP level 15. HP: 96/96 MP: 21/21
 18596 | Shoals:1 | Found a bloodstained altar of Trog.
 19460 | Shoals:2 | Noticed Polyphemus
 19483 | Shoals:2 | Reached skill level 10 in Invocations
 19813 | Shoals:2 | Found a frozen archway.
 19856 | IceCv    | Entered an ice cave
 20813 | Shoals:2 | Killed Polyphemus
 21710 | Shoals:3 | Noticed Jorgrun
 21735 | Shoals:3 | Killed Jorgrun
 21953 | Shoals:3 | Reached XP level 16. HP: 91/104 MP: 24/24
 21981 | Shoals:3 | Reached skill level 15 in Maces & Flails
 21985 | Shoals:3 | Found Suintemn's Assorted Antiques.
 22038 | Shoals:3 | Bought a glowing whip for 85 gold pieces
 22038 | Shoals:3 | Bought a scroll of enchant weapon for 255 gold pieces
 22533 | Shoals:4 | Entered Level 4 of the Shoals
 22539 | Shoals:4 | Noticed Ilsuiw
 22806 | Shoals:3 | HP: 4/104 [merfolk impaler/trident of piercing (6)]
 23378 | Shoals:3 | Killed Ilsuiw
 23935 | Shoals:4 | Reached skill level 16 in Maces & Flails
 25175 | Shoals:4 | Got a crude amber ring
 25178 | Shoals:4 | Identified the ring "Jetevir" {rPois rN+ MP+9 Int+3} (You found it on level 4 of the Shoals)
 25245 | Shoals:4 | Got a transparent diamond amulet
 25247 | Shoals:4 | Identified the amulet "Ifruyps" {Inacc *Corrode rF+ rC+ Str+3} (You found it on level 4 of the Shoals)
 25272 | Shoals:4 | Got a barnacled rune of Zot
 25717 | Snake:1  | Entered Level 1 of the Snake Pit
 25800 | Snake:1  | Reached XP level 17. HP: 103/112 MP: 25/25
 26050 | Snake:1  | Found a glowing silver altar of Zin.
 26603 | Snake:2  | Reached skill level 15 in Fighting
 26685 | Snake:2  | Reached skill level 17 in Maces & Flails
 27265 | Snake:3  | Learned a level 2 spell: Blink
 27380 | Snake:3  | Reached skill level 1 in Translocations
 28130 | Snake:3  | Reached XP level 18. HP: 97/120 MP: 26/26
 28448 | Snake:4  | Entered Level 4 of the Snake Pit
 28509 | Snake:4  | Reached skill level 18 in Maces & Flails
 30061 | Snake:4  | Reached skill level 5 in Translocations
 30072 | Snake:4  | Reached skill level 15 in Armour
 30168 | Snake:4  | Got a serpentine rune of Zot
 30939 | Orc:1    | Entered Level 1 of the Orcish Mines
 31268 | Orc:3    | Found a staircase to the Elven Halls.
 31390 | Orc:1    | Noticed Gastronok
 31409 | Orc:1    | Killed Gastronok
 31698 | Orc:1    | Noticed Fannar
 31722 | Orc:1    | Killed Fannar
 31787 | Orc:2    | Paralysed by an orc sorcerer for 7 turns
 32017 | Orc:3    | Found Plog's Food Boutique.
 32355 | Orc:4    | Entered Level 4 of the Orcish Mines
 32363 | Orc:4    | Noticed Maud
 32364 | Orc:4    | Noticed Saint Roka
 32364 | Orc:4    | Noticed Donald
 32367 | Orc:4    | Noticed Rupert
 32369 | Orc:4    | Paralysed by Rupert for 4 turns
 32392 | Orc:3    | Killed Donald
 32392 | Orc:3    | Reached XP level 19. HP: 32/127 MP: 27/27
 32394 | Orc:3    | Killed Maud
 32994 | Orc:4    | Killed Rupert
 32994 | Orc:4    | Reached skill level 19 in Maces & Flails
 33011 | Orc:4    | Killed Saint Roka
 33323 | Orc:4    | Noticed Nessos
 33327 | Orc:4    | Killed Nessos
 33590 | Orc:4    | Lost mutation: Your muscles are strong. (Str +2) [a neqoxec]
 33668 | Orc:4    | Found Cusaxtuxed's Antique Armour Boutique.
 33668 | Orc:4    | Found Ykafor's Armour Emporium.
 33672 | Orc:4    | Found Rakeasu's Jewellery Boutique.
 33672 | Orc:4    | Found Gyocam's Jewellery Emporium.
 33691 | Orc:4    | Bought a +2 large shield of protection for 301 gold pieces
 33706 | Orc:4    | Bought an ancient chain mail for 266 gold pieces
 33718 | Orc:4    | Identified the +0 chain mail "Juprid" {Slay+3 Stlth+} (You bought it in a shop on level 4 of the Orcish Mines)
 34083 | Elf:1    | Entered Level 1 of the Elven Halls
 34146 | Elf:1    | Found a radiant altar of Vehumet.
 34258 | Elf:1    | Identified the Catalogue of Creation (You found it on level 1 of the Elven Halls)
 34464 | Elf:1    | Gained mutation: You have a pair of small horns on your head. [potion of beneficial mutation]
 34465 | Elf:1    | Gained mutation: You are agile. (Dex +2) [potion of beneficial mutation]
 34812 | Elf:2    | Found Tysyrach's Book Boutique.
 35120 | Elf:2    | Identified the Papyrus of Blistering Battle Magic
 35243 | Elf:2    | Found a huge runed gate.
 35243 | Elf:2    | Found a huge runed gate.
 35243 | Elf:2    | Found a huge runed gate.
 35243 | Elf:2    | Found a huge runed gate.
 35248 | Elf:2    | Found a huge runed gate.
 35300 | Elf:2    | Found Haveaw's Armour Shoppe.
 35373 | Elf:2    | Found Uliedig's Assorted Antiques.
 35382 | Elf:2    | Found Neipiani's Antique Weapon Shoppe.
 35383 | Elf:2    | Bought a steaming lapis lazuli ring for 130 gold pieces
 35383 | Elf:2    | Identified the ring "Soqodd" {rElec rPois MP+9} (You bought it in a shop on level 2 of the Elven Halls)
 35389 | Elf:2    | Got an ichor-stained cloak
 35400 | Elf:2    | Identified the +2 cloak "Mexoblo" {Str+3} (You acquired it on level 2 of the Elven Halls)
 35401 | Elf:2    | Bought a scroll of acquirement for 1352 gold pieces
 36220 | Elf:3    | Entered Level 3 of the Elven Halls
 36548 | Elf:3    | Reached XP level 20. HP: 112/134 MP: 28/28
 36558 | Elf:3    | Reached skill level 20 in Maces & Flails
 36651 | Elf:3    | Got an ichor-stained scale mail
 36675 | Elf:2    | Identified the +2 scale mail "Xejiut" {rF+++ Str-4 Slay+3} (You took it off a deep elf master archer on level 3 of the Elven Halls)
 37189 | Elf:3    | Got an ancient ivory ring
 37252 | Elf:3    | Identified the ring of the City {+/*Tele Dex+2} (You took it off a deep elf blademaster on level 3 of the Elven Halls)
 37746 | Elf:3    | Reached skill level 1 in Throwing
 37746 | Elf:3    | Reached XP level 21. HP: 141/141 MP: 29/29
 38105 | D:10     | Entered Level 10 of the Dungeon
 38467 | D:10     | Learned a level 5 spell: Phase Shift
 39117 | D:11     | Found Lux Fimu's Antique Weapon Shop.
 39190 | D:11     | Noticed Erica
 39196 | D:11     | Killed Erica
 39979 | D:12     | Noticed xeno23's ghost (journeyman DDNe)
 39985 | D:12     | Noticed Duffy's ghost (journeyman NaEn)
 39988 | D:12     | Noticed Duffy's ghost (journeyman NaEn)
 39996 | D:12     | Noticed comborobin's ghost (journeyman TrGl)
 39997 | D:12     | Killed xeno23's ghost
 39999 | D:12     | Noticed 4thArraOfDagon's ghost (journeyman TrMo)
 40003 | D:12     | Noticed Duffy's ghost (journeyman NaEn)
 40016 | D:12     | Killed Duffy's ghost
 40029 | D:12     | Noticed comborobin's ghost (journeyman TrGl)
 40031 | D:12     | Killed 4thArraOfDagon's ghost
 40032 | D:12     | Noticed xeno23's ghost (journeyman DDNe)
 40034 | D:12     | Noticed comborobin's ghost (journeyman TrGl)
 40046 | D:12     | Killed Duffy's ghost
 40061 | D:12     | Killed comborobin's ghost
 40064 | D:12     | Killed Duffy's ghost
 40076 | D:12     | Killed xeno23's ghost
 40089 | D:12     | Killed comborobin's ghost
 40103 | D:12     | Killed comborobin's ghost
 40168 | D:12     | Noticed tp1's ghost (journeyman DEFE)
 40186 | D:12     | Killed tp1's ghost
 40333 | D:12     | Noticed xeno23's ghost (journeyman DDNe)
 40355 | D:12     | Killed xeno23's ghost
 40902 | D:13     | Noticed Urug
 40909 | D:13     | Killed Urug
 40967 | D:13     | Noticed 4thArraOfDagon's ghost (journeyman MfGl)
 40978 | D:13     | Paralysed by a giant eyeball for 2 turns
 40980 | D:13     | Killed 4thArraOfDagon's ghost
 41008 | D:13     | Found a gate to the Vaults.
 41892 | D:14     | Noticed Louise
 41899 | D:14     | Killed Louise
 42278 | D:14     | Found a stormy altar of Qazlal.
 42556 | D:15     | Entered Level 15 of the Dungeon
 42591 | D:15     | Reached XP level 22. HP: 148/148 MP: 30/30
 42726 | D:15     | Found a staircase to the Depths.
 42914 | Vaults:1 | Entered Level 1 of the Vaults
 43371 | Vaults:1 | Found Rintir's Antique Weapon Shoppe.
 43790 | Vaults:1 | Paralysed by a giant eyeball for 3 turns
 46041 | Vaults:3 | Reached XP level 23. HP: 156/156 MP: 31/31
 46388 | Vaults:3 | Found a portal to a secret trove of treasure.
 46831 | Vaults:3 | Found a staircase to the Crypt.
 46831 | Vaults:3 | Found an ancient bone altar of Kikubaaqudgha.
 46831 | Vaults:3 | Found a basalt altar of Yredelemnul.
 48533 | Vaults:5 | Entered Level 5 of the Vaults
 48539 | Vaults:5 | Noticed an ancient lich
 48543 | Vaults:5 | Noticed Xtahua
 48555 | Vaults:5 | Noticed an ancient lich
 48558 | Vaults:5 | Reached skill level 21 in Shields
 48596 | Vaults:5 | Reached XP level 24. HP: 132/166 MP: 3/32
 48597 | Vaults:5 | Gained mutation: You tend to lose your temper in combat. [a cacodemon]
 48598 | Vaults:5 | Killed Xtahua
 48614 | Vaults:5 | HP: 2/249 [shadow dragon/bolt of negative energy (14)]
 48615 | Vaults:5 | Killed from afar by a deep elf high priest

Vault maps used:
D:1:      erik_arrival_cave_to_civilisation
D:2:      zin_treasury, marbit_many_paths, first_bread
D:3:      ecumenical_altar_2, uniq_natasha
D:4:      minmay_temple_entry_mist, uniq_grinder
D:5:      portal_sewer_entry_e
D:6:      grunt_temple_overflow_holy_war, kennysheep_generic_room_14
D:8:      lair_0_dummy, st_stairs_14, uniq_pikel
D:9:      grunt_dithmenos_smoke_and_mirrors, minitemple, orc_0_dummy
D:11:     serial_shops, shop, hangedman_fish_farm, uniq_erica
D:13:     david_vaults_5, uniq_urug
D:14:     hangedman_decor_clover_reticule, minivault_25_ag,
          grunt_qazlal_sundering, uniq_louise
D:15:     grunt_enter_depths_snipers, basic_altar, serial_shops, shop
Temple:   jpeg_temple_clearing_12
Lair:1:   serial_bayou_crossing, serial_bayou_shore_b
Lair:2:   mu_elephants_graveyard, serial_bayou_pond_b,
          nicolae_quartered_pool_super
Lair:3:   guppyfry_lair_drakes
Lair:4:   elwin_shoals_entry_stream
Lair:5:   minivault_11, minmay_holes
Lair:6:   guppyfry_snake_entry_garden, minivault_19, kennysheep_basilisk_garden,
          uniq_snorg
Lair:7:   slime_altar_1, grunt_forest_large_clearings, uniq_kirke
Lair:8:   grunt_lair_end_beastmaster
Shoals:1: lemuel_centaur_altar
Shoals:2: portal_ice_cave_entry_imps, uniq_polyphemus
Shoals:3: serial_shops, shop, uniq_jorgrun
Shoals:4: shoals_end_simple, shoal_ilsuiw
Snake:1:  basic_altar, spider_trap
Snake:3:  nicolae_cobra_stairs, lemuel_fruit_tree, serial_bayou_shore_a
Snake:4:  snake_pit, serial_shops, bzr_entry_safe, nrook_guardian_serpent_double
Orc:1:    uniq_fannar, uniq_gastronok
Orc:3:    serial_shops, shop, nicolae_orc_pool_cavern
Orc:4:    grunt_orc_tribal_feast, uniq_saint_roka, uniq_nessos, uniq_donald,
          uniq_rupert, uniq_maud
Elf:1:    eino_elf_arrival_altar, minmay_elf_demonology
Elf:2:    serial_shops, shop_coins, shop, nicolae_shop_statue_plus,
          nicolae_shop_stone
Elf:3:    grunt_elf_hall_branching, minivault_14, basic_stair_grate_trap
Vaults:1: dpeg_vaults_monster_box, v_misc_23, nicolae_vaults_branching_niches,
          v_misc_19, vaults_dpeg_diagonal, ontoclasm_vaults_idyll,
          nicolae_vaults_little_ls, hangedman_vaults_unwind,
          nicolae_vaults_little_squares_1,
          nicolae_vaults_windows_and_doors_thing, hangedman_vaults_maws,
          nicolae_vaults_diagonal_hallway_6, nicolae_vaults_mini_display_case,
          serial_shops, shop
Vaults:2: v_misc_8, v_rooms_5, v_pattern_5, nicolae_vaults_alarming, v_misc_17,
          hangedman_vaults_pinch, v_misc_1, nicolae_vaults_rhombus_5,
          nicolae_vaults_little_squares_3
Vaults:3: minmay_crypt_entry_necro_gods, nicolae_vaults_meeting,
          hangedman_vaults_stagger, nicolae_vaults_little_squares_5,
          ontoclasm_vaults_ring_square, v_misc_29, v_rooms_6, v_misc_3,
          vaults_room_hallway, v_misc_19, vaults_mumra_hex,
          trove_entry_hex_spiral
Vaults:4: hangedman_vaults_locks, v_misc_24, ontoclasm_vaults_spin,
          v_alt_pattern_4, v_misc_26, v_alt_pattern_1, v_alt_pattern_1,
          ontoclasm_vaults_decontamination, ontoclasm_vaults_bender,
          grunt_vaults_funnel, ontoclasm_vaults_pinch, vaults_room_semicircle,
          vaults_dpeg_ring
Vaults:5: serial_shops, uniq_xtahua
Sewer:    sewer_minmay_w
IceCv:    ice_cave_caverns_03

Action                   |  1- 3 |  4- 6 |  7- 9 | 10-12 | 13-15 | 16-18 | 19-21 | 22-24 || total
-------------------------+-------+-------+-------+-------+-------+-------+-------+-------++-------
Melee: Flail             |   125 |   249 |   687 |   173 |       |       |       |       ||  1234
       Whip              |       |       |       |   112 |       |       |       |       ||   112
       Eveningstar       |       |       |       |   320 |  1149 |   337 |       |       ||  1806
       Morningstar       |       |       |       |       |       |  1216 |   426 |       ||  1642
       Demon whip        |       |       |       |       |       |       |  1072 |  1531 ||  2603
Throw: Tomahawk          |       |       |       |     6 |     1 |    18 |       |       ||    25
       Javelin           |       |       |       |       |       |       |     1 |       ||     1
Invok: Upheaval          |       |       |       |       |     2 |     3 |     1 |       ||     6
       Disaster Area     |       |       |       |       |       |     4 |     4 |     5 ||    13
       Elemental Force   |       |       |       |       |       |     2 |       |       ||     2
 Abil: Fly               |       |       |       |       |     1 |       |       |       ||     1
  Use: Scroll            |       |       |     4 |     4 |    10 |     8 |    15 |     4 ||    45
       Potion            |       |       |       |     1 |    14 |     1 |     4 |     3 ||    23
 Stab: Petrifying        |       |       |       |       |     1 |       |       |       ||     1
       Petrified         |       |       |       |       |     1 |       |       |       ||     1
       Invisible         |       |       |       |       |       |     8 |       |       ||     8
  Eat: Chunk             |     3 |     6 |    13 |    15 |    49 |    34 |    37 |    20 ||   177
       Pizza             |       |       |     1 |       |     1 |       |       |       ||     2
       Beef jerky        |       |       |     1 |     1 |       |       |       |       ||     2
       Meat ration       |       |       |     1 |       |       |       |       |       ||     1
       Fruit             |       |       |       |     1 |       |       |       |       ||     1
